cohdb
Replays
Latest Replays
All Replays
Popular Replays
Top Player Replays
Match Explorer
How It Works
Community
CoH3 Stats
Reddit
Sign in to upload your games and track your stats! →
Sign in with Steam
Match 45205374
Unlisted
Match 45205374
Overview
Messages
Build Orders
End
Scout Squad
Construct Weapon Support Center
M1919 Machine Gun Team
Bazooka Squad
M1919 Machine Gun Team
Selects Advanced Infantry Battlegroup
Selects Artillery Observers
Infantry Support Center
M1919 Machine Gun Team
Artillery Observer Squad
Artillery Observer Squad
Improved M9 Bazooka Rockets
Construct Medical Station
Selects Convert to Ranger Squad
Selects Frontline Medical Station
Construct Tank Depot
Artillery Observer Squad
Bazooka Squad
M4A1 Sherman Medium Tank
Survival Training
Selects Infantry Assault
M4(105) Sherman Bulldozer
M1919 Machine Gun Team
Bazooka Squad
Engineer Squad
Infantry Assault
Selects M2A1 105mm Howitzer Emplacement
Infantry Assault
M18 Hellcat Tank Destroyer
M18 Hellcat Tank Destroyer
gabman6
CoH3Master
Jqzeh
lemerman2
Contraversyx7
David_M1A2
namcap
zlxkss
0
0
Comments
sign in to comment!
No comments posted yet!